 Dungeon Crawl Stone Soup version 0.31-b1-17-gcfd88c8481 (webtiles) character file.

Game seed: 10369771476996719586

3409 cowcol the Cleaver (level 9, 0/81 HPs)
             Began as a Minotaur Fighter on Jan 16, 2024.
             Was a Follower of Okawaru.
             Slain by a yak (3 damage)
             ... on level 10 of the Dungeon.
             The game lasted 00:19:59 (8147 turns).

cowcol the Cleaver (Minotaur Fighter)               Turns: 8147, Time: 00:19:59

Health: 0/81       AC: 21    Str: 23    XL:     9   Next: 75%
Magic:  8/8        EV:  7    Int:  7    God:    Okawaru [*.....]
Gold:   168        SH:  4    Dex: 10    Spells: 8/8 levels left

rFire   + . .        a - +1 war axe (flame)
rCold   + . .        c - +0 buckler
rNeg    . . .        n - +0 plate armour
rPois   +            (helmet restricted)
rElec   .            k - scarf {rC+ rF+}
rCorr   .            l - +0 pair of gloves
SInv    .            K - +0 pair of boots
Will    .....        (no amulet) Stlth
                     I - ring of poison resistance
HPRegen 0.33/turn    y - +4 ring of protection
MPRegen 0.11/turn

%: no passive effects
@: slowed, very slow
A: horns 2, retaliatory headbutt
a: Renounce Religion, Heroism


You were on level 10 of the Dungeon.
You worshipped Okawaru.
Okawaru was aware of your devotion.
You visited 2 branches of the dungeon, and saw 10 of its levels.
You also visited: Sewer.

You collected 428 gold pieces.
You spent 260 gold pieces at shops.

Inventory:

Hand Weapons
 a - a +1 war axe of flaming (weapon)
 G - a +1 war axe of electrocution
Missiles
 A - 5 datura-tipped darts (quivered)
 H - 10 poisoned darts
 J - a javelin
Armour
 b - a +0 scale mail
 c - a +0 buckler (worn)
 k - a scarf of resistance (worn)
 l - a +0 pair of gloves (worn)
 n - a +0 plate armour (worn)
 s - a scarf of repulsion
 t - a +0 chain mail
 z - a +0 ring mail of poison resistance
 K - a +0 pair of boots (worn)
Jewellery
 p - a ring of positive energy
 y - a +4 ring of protection (right hand)
 B - an amulet of magic regeneration
 I - a ring of poison resistance (left hand)
 M - a ring of see invisible
Wands
 d - a wand of light (2)
 C - a wand of paralysis (14)
 L - a wand of flame (17)
Scrolls
 e - 2 scrolls of noise
 f - 5 scrolls of identify
 j - a scroll of teleportation
 o - a scroll of amnesia
 r - a scroll of vulnerability
 v - 2 scrolls of blinking
 D - a scroll of fog
 F - a scroll of immolation
Potions
 g - 5 potions of curing
 h - a potion of lignification {unknown}
 i - a potion of attraction {unknown}
 m - a potion of heal wounds {unknown}
 q - 4 potions of enlightenment
 u - 5 potions of mutation
 w - a potion of invisibility {unknown}
 x - a potion of degeneration {unknown}
 E - 3 potions of berserk rage


   Skills:
 + Level 8.0 Fighting
 + Level 11.9 Axes
 + Level 1.2 Throwing
 + Level 9.7 Armour
 - Level 1.0 Dodging
 - Level 4.0 Shields


You had 8 spell levels left.
You didn't know any spells.
Your spell library contained the following spells:

 Spells                   Type           Power      Damage    Failure   Level
 Apportation              Tloc           0%         N/A       100%        1
 Magic Dart               Conj           0%         1d3       100%        1
 Jinxbite                 Hex            0%         N/A       100%        2
 Searing Ray              Conj           0%         2d4       100%        2
 Gell's Gravitas          Tloc           0%         N/A       100%        3
 Teleport Other           Tloc           0%         N/A       100%        3
 Fulminant Prism          Conj/Alch      0%         3d5       100%        4
 Alistair's Intoxication  Alch           0%         N/A       100%        5
 Dispersal                Tloc           0%         N/A       100%        6


Dungeon Overview and Level Annotations

Branches:
Dungeon (8/15)             Temple (1/1) D:6           Sewer (visited)
   Lair: D:8-11

Altars:
Ashenzari
Elyvilon
Gozag
Hepliaklqana
Kikubaaqudgha
Nemelex Xobeh
Okawaru
Qazlal
Ru
Sif Muna
Trog
Uskayaw
Vehumet
Wu Jian
Yredelemnul
Zin
The Shining One
Lugonu

Shops:
D:1 =   D:6 (

Annotations:
D:10 Sonja, Urug


Innate Abilities, Weirdness & Mutations

You have a pair of horns on your head.
You reflexively headbutt those who attack you in melee.


Message History

The yak gores you but does no damage.
Found a stone staircase leading down.
Found a scroll of revelation and 16 gold pieces.
Sonja zaps a wand.
The bolt of light hits you!
* * * LOW HITPOINT WARNING * * *
There is an open door here.
The yak attacks as it pursues you! The yak gores you but does no damage.
Sonja throws a curare-tipped dart.
The curare-tipped dart hits you.
You are poisoned.
You have difficulty breathing.
* * * LOW HITPOINT WARNING * * *
You feel yourself slow down.
* * * LOW HITPOINT WARNING * * *
You feel very sick.
Sonja zaps a wand.
The bolt of light hits you but does no damage.
You are confused.
The yak gores you but does no damage.
* * * LOW HITPOINT WARNING * * *
You feel very sick.
Sonja gestures wildly while chanting.
Sonja blinks!
You feel less confused.
You feel sick.
Sonja mumbles some strange words.
Sonja blinks!
There is a stone staircase leading down here.
You barely miss Sonja. Your headbutt misses Sonja. You completely miss the yak.
You barely miss the yak.
You feel sick. Sonja hits you but does no damage. Sonja closely misses you.
You block Sonja's attack.
Sonja casts a spell.
Sonja blinks!
The yak gores you but does no damage. The yak barely misses you.
You feel sick.
Sonja gestures wildly while chanting.
Sonja blinks!
The yak gores you but does no damage. x2
You feel sick.
You are no longer poisoned.
Sonja twirls her cape.
The yak attacks as it pursues you! The yak gores you.
You die...

#...... #########
#.##### #.......# #.#
#.......# #.#
#.......####.#
#.......##...#
###+#.......##...####
#...................#
#....@..####.[......#
#...YK..# #........#
#$...>Y.# #........#
#....YY.####........+
#?......'ยง.#........#
#.......##.#........#
#........#.#########~~
#####+##+#Y## #~~~
#......Y.# #~~~


You could see 4 yaks and Sonja.

Vanquished Creatures
  A hornet (D:8)
  Sigmund (D:3)
  An acid dragon (D:8)
  Menkaure (D:6)
  A water moccasin (D:8)
  2 orc warriors
  An ice beast (D:5)
  2 sky beasts (D:7)
  A black bear (D:4)
  An ogre (D:7)
  2 centaurs
  2 phantoms
  7 kobold brigands
  A bullfrog (D:7)
  2 scorpions
  2 howler monkeys
  7 orc priests
  3 hounds
  2 bombardier beetles
  Crazy Yiuf (D:5)
  Ijyb (D:3)
  5 iguanas
  6 orc wizards
  Terence (D:3)
  13 adders
  2 river rats
  2 ufetubi (D:7)
  5 dart slugs
  2 ribbon worms
  31 orcs
  3 bats
  11 endoplasms
  3 giant cockroaches (D:3)
  3 goblins
  5 hobgoblins
  17 jackals
  18 kobolds
  6 quokkas
  11 ball pythons
  3 frilled lizards (D:3)
  10 rats
199 creatures vanquished.

Vanquished Creatures (others)
  An orc (D:5)
1 creature vanquished.

Grand Total: 200 creatures vanquished

Notes
Turn   | Place    | Note
-------+----------+-------------------------------------------
     0 | D:1      | cowcol the Minotaur Fighter began the quest for the Orb.
     0 | D:1      | Reached XP level 1. HP: 19/19 MP: 0/0
   185 | D:1      | Found Penlio's Jewellery Boutique.
   341 | D:1      | Found a faded altar of an unknown god.
   350 | D:1      | Reached XP level 2. HP: 20/27 MP: 1/1
  1148 | D:2      | Reached XP level 3. HP: 31/33 MP: 2/2
  1485 | D:3      | Reached skill level 3 in Axes
  1529 | D:3      | Reached skill level 1 in Dodging
  1529 | D:3      | Reached XP level 4. HP: 40/40 MP: 3/3
  1658 | D:3      | Found a glowing drain.
  1662 | Sewer    | Entered a sewer
  1753 | Sewer    | Noticed a kobold brigand
  1768 | Sewer    | Killed a kobold brigand
  1769 | Sewer    | Reached skill level 4 in Axes
  1769 | Sewer    | Reached skill level 5 in Armour
  1769 | Sewer    | Reached XP level 5. HP: 41/47 MP: 4/4
  1860 | Sewer    | Reached skill level 5 in Axes
  1960 | Sewer    | Reached XP level 6. HP: 53/53 MP: 5/5
  2578 | Sewer    | Reached skill level 5 in Fighting
  2578 | Sewer    | Reached skill level 6 in Axes
  3053 | D:3      | Reached XP level 7. HP: 61/61 MP: 6/6
  3136 | D:3      | Noticed Terence
  3162 | D:3      | Killed Terence
  3581 | D:3      | Noticed Sigmund
  3590 | D:3      | Killed Sigmund
  3591 | D:3      | Reached skill level 7 in Axes
  3594 | D:3      | Found a radiant altar of Vehumet.
  3681 | D:3      | Noticed Ijyb
  3691 | D:3      | Killed Ijyb
  3836 | D:4      | Found a sparkling altar of Nemelex Xobeh.
  3858 | D:4      | Reached skill level 8 in Axes
  3914 | D:4      | Found a white marble altar of Elyvilon.
  4041 | D:4      | Found a bloodstained altar of Trog.
  4092 | D:4      | Found a basalt altar of Yredelemnul.
  4095 | D:4      | Found an ornate altar of the Wu Jian Council.
  4233 | D:4      | Reached XP level 8. HP: 69/70 MP: 7/7
  4563 | D:5      | Entered Level 5 of the Dungeon
  4717 | D:5      | Reached skill level 9 in Axes
  4818 | D:5      | Reached skill level 1 in Throwing
  5025 | D:5      | Found a runed translucent door.
  5026 | D:5      | Noticed Crazy Yiuf
  5031 | D:5      | Killed Crazy Yiuf
  5183 | D:6      | Noticed Menkaure
  5187 | D:6      | Killed Menkaure
  5253 | D:6      | Found a hazy altar of Hepliaklqana.
  5276 | D:6      | Found a staircase to the Ecumenical Temple.
  5282 | Temple   | Entered the Ecumenical Temple
  5295 | Temple   | Became a worshipper of Warmaster Okawaru
  5339 | D:6      | Reached skill level 10 in Axes
  5748 | D:1      | Bought a ring of poison resistance for 260 gold pieces
  5868 | D:6      | Found Feeharu's Firing Range.
  6390 | D:7      | Reached XP level 9. HP: 79/79 MP: 8/8
  7013 | D:7      | Reached * piety under Okawaru
  7014 | D:7      | Reached skill level 11 in Axes
  7468 | D:8      | Found a hide-covered altar of Uskayaw.
  8010 | D:8      | You fall into a shaft and drop 2 floors!
  8010 | D:10     | Entered Level 10 of the Dungeon
  8107 | D:10     | Noticed Urug
  8139 | D:10     | Noticed Sonja
  8146 | D:10     | HP: 4/81 [poisoned by Sonja (curare-tipped dart)]
  8147 | D:10     | Slain by a yak

Illustrated notes

Levels and vault maps discovered:
D:1:      sevenhm_arrival_forest_fort_small_3, layout_basic, serial_shops, shop,
          shapermc_ecumenical_altar_mp_highgroup, serial_rivers,
          chequers_serial_rivers_large_a, chequers_serial_rivers_large_b,
          chequers_serial_rivers_micro_e, chequers_serial_rivers_small_b,
          chequers_serial_rivers_micro_c
D:2:      layout_rooms, nrook_mini_backslash
D:3:      layout_rooms, marbit_many_paths, gup_sewer_entry_spiral, uniq_terence,
          uniq_ijyb, uniq_sigmund
D:4:      layout_loops_cross, mainiacjoe_overflow_alcove_2,
          mainiacjoe_overflow_tiny_flanked, nicolae_overflow_squiral,
          kennysheep_mini_moat, minmay_misc_feat_chi
D:5:      layout_rooms, kennysheep_generic_room_5, uniq_crazy_yiuf_cottage
D:6:      layout_loops_cross, mainiacjoe_overflow_24_doors,
          minmay_temple_entry_hall, nicolae_shop_firing_range, uniq_menkaure
D:7:      layout_loops_cross
D:8:      layout_rooms, overflow_temple_1_default, mainiacjoe_overflow_alcove_4,
          mainiacjoe_overflow_concentric_impassable, enter_bailey_5,
          kennysheep_generic_room_14
D:10:     layout_basic, chequers_serial_rivers_marsh, nicolae_letterblocks
          [nicolae_letter_subblock, nicolae_letter_subblock,
          nicolae_letter_subblock, nicolae_letter_subblock,
          nicolae_letter_subblock, nicolae_letter_subblock,
          nicolae_letter_subblock, nicolae_letter_subblock,
          nicolae_letter_subblock, nicolae_letter_subblock,
          nicolae_letter_subblock, nicolae_letter_subblock,
          nicolae_letter_subblock, nicolae_letter_subblock,
          nicolae_letter_subblock, nicolae_letter_subblock,
          nicolae_letter_subblock, nicolae_letter_subblock,
          nicolae_letter_subblock, nicolae_letter_subblock,
          nicolae_letter_subblock, nicolae_letter_subblock,
          nicolae_letter_subblock, nicolae_letter_subblock,
          nicolae_letter_subblock], uniq_sonja, uniq_urug
Temple:   corrupted_temple

Skill      XL: |  1  2  3  4  5  6  7  8  9 |
---------------+----------------------------+-----
Armour         | 4 5 6 8 9 |  9.7
Shields        | 4 |  4.0
Fighting       | 4 5 7 8 |  8.0
Axes           | 3 4 5 6 8 10 11 | 11.9
Dodging        | 1 |  1.0
Throwing       | 1 |  1.2

Action                     |  1- 3 |  4- 6 |  7- 9 || total
---------------------------+-------+-------+-------++-------
  Melee: War axe           |    90 |   124 |   278 ||   492
         Headbutt          |     8 |     9 |    40 ||    57
  Throw: Dart              |       |       |     8 ||     8
 Invoke: Heroism           |       |       |     1 ||     1
    Use: Scroll            |     3 |       |    15 ||    18
         Potion            |       |     2 |     2 ||     4
 Armour: Scale mail        |    98 |    92 |     1 ||   191
         Ring mail         |       |       |    92 ||    92
         Chain mail        |       |       |   109 ||   109
         Plate armour      |       |       |    23 ||    23
  Dodge: Dodged            |    48 |    57 |   115 ||   220
  Block: Buckler           |    24 |    31 |    51 ||   106
